 Dungeon Crawl Stone Soup version 0.30-a0-782-ge64f9170bb (webtiles) character file.

Game seed: 632031682687531012

252350 Leeroy the Fencer (level 19, 0/102 HPs)
             Began as a Vine Stalker Warper on Mar 7, 2023.
             Was a High Priest of Uskayaw.
             Slain by a merfolk impaler
             ... wielding a +4 trident of venom
              (2 damage)
             ... on level 4 of the Shoals on Mar 8, 2023.
             The game lasted 01:41:11 (39225 turns).

Leeroy the Fencer (Vine Stalker Warper)            Turns: 39225, Time: 01:41:12

Health: 0/102      AC: 21    Str: 19    XL:     19   Next: 68%
Magic:  0/38       EV: 23    Int: 19    God:    Uskayaw [*****.]
Gold:   2090       SH:  0    Dex: 22    Spells: 16/46 levels left

rFire   . . .      SeeInvis .    z - +0 great sword (venom)
rCold   . . .      Faith    .    (shield currently unavailable)
rNeg    . . .      Spirit   +    T - +4 troll leather armour
rPois   .          Reflect  .    O - +2 helmet
rElec   .          Harm     .    w - +2 cloak {Stlth+}
rCorr   .          Rampage  .    B - +2 pair of gloves {infuse}
Will    +++++                    I - +2 pair of boots
Stlth   ++++++                   q - amulet of Doxyvuc {RegenMP Fragile Will++ Str+5}
HPRegen 1.97/turn                U - +4 ring of slaying
MPRegen 0.66/turn                o - +6 ring of intelligence

@: lethally poisoned (0 -> -1), studying Poison Magic
A: fangs 3, regeneration 1, magic shield, antimagic bite, no potion heal 2,
strong-willed 1, screaming 1
}: 2/15 runes: serpentine, barnacled
a: Renounce Religion, Stomp, Line Pass, Grand Finale


You were on level 4 of the Shoals.
You worshipped Uskayaw.
Uskayaw was noncommittal.
You visited 7 branches of the dungeon, and saw 32 of its levels.
You also visited: Gauntlet and Volcano.

You collected 4365 gold pieces.
You spent 2275 gold pieces at shops.

Inventory:

Hand Weapons
 f - the +7 falchion "String" {flame, Str+4 Dex+3}
   (You bought it in a shop on level 2 of the Orcish Mines)

   Str:       It affects your strength (+4).
   Dex:       It affects your dexterity (+3).
 p - the +9 falchion "Embalmer" {pain, Dex+7}
   (You bought it in a shop on level 2 of the Shoals)

   Dex:       It affects your dexterity (+7).
 v - a +3 scimitar of holy wrath
 z - a +0 great sword of venom (weapon)
 E - a +2 dagger of electrocution
 F - a +7 scimitar of flaming
 Y - the +5 sling of Hegos {heavy, rElec rF+ rN+++}
   (You found it on level 5 of the Lair of Beasts)

   rF:        It protects you from fire.
   rElec:     It insulates you from electricity.
   rN:        It renders you almost immune to negative energy.
Missiles
 d - 7 boomerangs of dispersal
 e - 6 curare-tipped darts
 H - 3 throwing nets
Armour
 c - +1 acid dragon scales
 k - a +2 ring mail of fire resistance
 w - a +2 cloak of stealth (worn)
 B - a +2 pair of gloves of infusion (worn)
 I - a +2 pair of boots (worn)
 O - a +2 helmet (worn)
 T - a +4 troll leather armour (worn)
 Z - a +1 robe of cold resistance
Jewellery
 o - a +6 ring of intelligence (right hand)
 q - the amulet of Doxyvuc (around neck) {RegenMP Fragile Will++ Str+5}
   (You found it on level 5 of the Dungeon)

   [amulet of magic regeneration]

   It increases your rate of magic regeneration.
   Str:       It affects your strength (+5).
   Fragile:   It will be destroyed if unequipped.
   Will:      It greatly increases your willpower.
 s - a ring of flight
 A - a ring of fire
 N - a ring of positive energy
 S - the ring "Maleb" {Drain rPois rC++ Dex+7}
   (You bought it in a shop on level 2 of the Orcish Mines)

   [ring of poison resistance]

   Dex:       It affects your dexterity (+7).
   rC:        It greatly protects you from cold.
   rPois:     It protects you from poison.
   Drain:     It drains your maximum health when unequipped.
 U - a +4 ring of slaying (left hand)
Wands
 r - a wand of flame (40)
 u - a wand of digging (4)
 x - a wand of polymorph (24)
 C - a wand of iceblast (7) (quivered)
 D - a wand of mindburst (27)
 Q - a wand of acid (10)
Scrolls
 a - 2 scrolls of fear
 g - 2 scrolls of teleportation
 n - 2 scrolls of poison
 L - 3 scrolls of fog
 M - 3 scrolls of silence
 P - 3 scrolls of butterflies
 V - 3 scrolls of vulnerability
Potions
 b - 3 potions of resistance
 h - 3 potions of might
 i - 5 potions of lignification
 j - 4 potions of mutation
 l - a potion of magic
 m - 2 potions of ambrosia
 t - 7 potions of curing
 y - 2 potions of berserk rage
 J - 9 potions of attraction
 K - 4 potions of brilliance
 R - 4 potions of haste
 W - 6 potions of cancellation
 X - 2 potions of invisibility
Miscellaneous
 G - a tin of tremorstones (2/2)


   Skills:
 - Level 12.1 Fighting
 + Level 16.4 Long Blades
 - Level 0.8 Throwing
 - Level 5.0 Armour
 - Level 14.1 Dodging
 - Level 10.1 Stealth
 - Level 14.3 Spellcasting
 - Level 1.0 Necromancy
 - Level 14.0 Translocations
 - Level 3.3 Ice Magic
 - Level 6.4 Air Magic
 - Level 1.5 Invocations
 - Level 0.2 Evocations


You had 16 spell levels left.
You knew the following spells:

 Your Spells              Type           Power      Damage    Failure   Level
a - Blink                 Tloc           100%       N/A       1%          2
b - Vhi's Electric Charg  Tloc/Air       100%       N/A       1%          3
c - Manifold Assault      Tloc           61%        N/A       1%          4
d - Iskenderun's Mystic   Conj/Tloc      40%        2d9       3%          4
e - Swiftness             Air            38%        N/A       1%          3
f - Dazzling Flash        Conj/Hex       26%        N/A       16%         3
g - Confusing Touch       Hex            13%        N/A       16%         3
h - Passwall              Tmut/Erth      10%        N/A       9%          2
i - Vampiric Draining     Necr           17%        2d7       11%         3
j - Ozocubu's Armour      Ice            26%        N/A       4%          3

Your spell library contained the following spells:

 Spells                   Type           Power      Damage    Failure   Level
 Apportation              Tloc           100%       N/A       1%          1
 Freeze                   Ice            100%       1d10      1%          1
 Lesser Beckoning         Tloc           100%       N/A       1%          2
 Portal Projectile        Hex/Tloc       80%        N/A       1%          3
 Teleport Other           Tloc           61%        N/A       1%          3
 Necrotise                Necr           68%        1d7       3%          1
 Ensorcelled Hibernation  Hex/Ice        40%        N/A       4%          2
 Slow                     Hex            52%        N/A       5%          1
 Summon Small Mammal      Summ           52%        N/A       5%          1
 Hailstorm                Conj/Ice       20%        3d6       9%          3
 Spider Form              Tmut/Pois      13%        N/A       16%         3
 Stone Arrow              Conj/Erth      26%        3d8       16%         3
 Tukima's Dance           Hex            13%        N/A       16%         3
 Ice Form                 Ice/Tmut       20%        N/A       26%         4
 Anguish                  Hex/Necr       7%         N/A       41%         4
 Animate Armour           Summ/Erth      26%        N/A       47%         4
 Cause Fear               Hex            6%         N/A       47%         4
 Metabolic Englaciation   Hex/Ice        10%        N/A       58%         5
 Agony                    Necr           17%        N/A       69%         5
 Blade Hands              Tmut           6%         N/A       83%         5
 Simulacrum               Ice/Necr       10%        N/A       98%         6
 Starburst                Conj/Fire      6%         6d4       100%        6
 Dragon Form              Tmut           6%         N/A       100%        7
 Lehudib's Crystal Spear  Conj/Erth      6%         10d3      100%        8
 Chain Lightning          Conj/Air       12%        3d16      100%        9
 Dragon's Call            Summ           6%         N/A       100%        9
 Fire Storm               Conj/Fire      6%         8d2       100%        9
 Shatter                  Erth           6%         3d9*      100%        9


Dungeon Overview and Level Annotations

Branches:
Dungeon (15/15) Temple (1/1) D:5 Lair (5/5) D:11 Shoals (4/4) Lair:3 Snake (4/4) Lair:2 Slime (0/5) Lair:5 Orc (2/2) D:12 Elf (0/3) Orc:2 Vaults (0/5) D:12 D:13 Depths (1/4) D:15 Volcano (visited) Gauntlet (visited)

Altars:
Ashenzari
Cheibriados
Dithmenos
Elyvilon
Fedhas
Gozag
Hepliaklqana
Kikubaaqudgha
Makhleb
Nemelex Xobeh
Okawaru
Qazlal
Ru
Sif Muna
Trog
Uskayaw
Vehumet
Wu Jian
Xom
Yredelemnul
Zin
The Shining One
Jiyva

Shops:
D:1 !   D:4 [   Orc:2 =[(   Shoals:2 *   Shoals:3 [=*   Shoals:4 (

Portals:
Trove: D:10 (give +3 fire dragon scales)


Innate Abilities, Weirdness & Mutations

You have razor-sharp teeth.
Your natural rate of healing is unusually fast.
When hurt, damage is shared between your health and your magic reserves.
Your bite disrupts and absorbs the magic of your enemies.
Potions cannot restore your health.
You are strong-willed. (Will+)
You occasionally shout uncontrollably at your foes.


Message History

The sea snake completely misses you.
The merfolk impaler hits you from afar with a +4 trident of venom!
* * * LOW HITPOINT WARNING * * *
You are lethally poisoned!
You slice the sea snake!!
The sea snake looks as sick as possible!
You bite the sea snake.
You kill the sea snake!
* * * LOW HITPOINT WARNING * * *
You feel extremely sick.
The merfolk impaler completely misses you.
The merfolk impaler hits you from afar with a +4 trident of venom.
* * * LOW HITPOINT WARNING * * *
Okay, then.
Your system rejects the healing.
You feel better. The merfolk impaler barely misses you.
Uskayaw prepares the audience for your solo!
The cyclops throws a large rock.
The large rock hits you!!
* * * LOW HITPOINT WARNING * * *
You see here a sea snake corpse.
The helpless merfolk impaler fails to defend itself.
You chop the merfolk impaler into pieces!!!
The merfolk impaler looks as sick as possible!
The merfolk impaler is heavily wounded.
The merfolk impaler is no longer paralysed.
The merfolk impaler closely misses you.
The cyclops throws a large rock.
The large rock closely misses you.
Okay, then.
You closely miss the merfolk impaler.
The merfolk impaler is severely wounded.
The merfolk impaler hits you with a +4 trident of venom!
* * * LOW HITPOINT WARNING * * *
You are lethally poisoned!
The merfolk impaler completely misses you.
Your system rejects the healing.
You feel better.
The merfolk impaler hits you with a +4 trident of venom.
* * * LOW HITPOINT WARNING * * *
You are poisoned.
The merfolk impaler hits you with a +4 trident of venom.
You die...

~~~≈≈~~~~~~≈≈≈≈≈≈ #≈
~~~≈~~~~~~~~~≈≈≈≈ #≈
..~~~~~~~~P~P~≈≈≈≈ #≈
.....~~~~~~P~~C≈≈≈ ##
#..~..~~P(~≈≈≈≈≈≈ #
#.....~~.~~≈≈≈≈≈≈ .
....P..)..~~~~≈≈≈ ...
###..~.#.~†~~≈≈≈
....####.~~[@m†~~~~≈≈ ######
~~....#..~~~†~~~~P~≈≈ ##≈≈≈≈≈
~~~.~~...~~~~~~~~~~≈≈##≈#....
~~~~~~~~~†~~~~~~~~P~~#≈#=.≈≈.
≈≈≈≈≈≈~~~~~~~~~†~~~~~~~P~#≈..≈#≈#
≈≈≈≈≈≈~~~~~~~~~~~≈≈~~~~~~#≈.≈##≈≈
≈≈≈≈≈~~~~~~~~~~~~≈~~~~~~~#≈.≈≈≈≈.
≈≈~~~~~~~~~~...)~≈~~~~~~~#≈..#≈..
≈~~~.........≈#≈#≈~~~~~~~##~....#


You could see a merfolk impaler (extremely poisoned) and a cyclops.

Vanquished Creatures
  Vashnia (Snake:2)
  Jorgrun (D:13)
  Rupert (Lair:5)
  The ghost of Gygal Fez the Peltast, an adept MiFi of Okawaru (Snake:3)
  The ghost of Twiddyhohoho the Devastator, an adept TeAE of Vehumet (Shoals:3)
  Polyphemus (Shoals:4)
  A kraken (Shoals:4)
  A sphinx (Depths:1)
  10 nagarajas
  Ilsuiw (Shoals:4)
  Aizul (Snake:4)
  2 orc warlords
  Nessos (D:15)
  A minotaur (Gauntlet)
  5 merfolk javelineers
  Josephine (Orc:2)
  7 merfolk impalers
  Fannar (D:11)
  9 hydras
  5 catoblepae
  A salamander tyrant (Snake:4)
  A merfolk avatar (Shoals:1)
  12 two-headed ogres
  11 anacondas
  Harold (Orc:1)
  An ogre mage (D:15)
  2 satyrs
  3 centaur warriors
  2 merfolk aquamancers (Shoals:4)
  An alligator snapping turtle (Shoals:1)
  19 naga warriors
  3 tengu warriors
  10 boulder beetles
  13 death yaks
  Urug (D:13)
  5 shock serpents
  A sun demon (D:15)
  4 orc high priests (Orc:2)
  13 naga sharpshooters
  Nergalle (D:12)
  A fire crab (Gauntlet)
  7 salamander mystics
  A skeletal warrior (D:12)
  10 sea snakes
  3 skysharks
  4 naga ritualists
  2 wizards (D:15)
  4 orc knights
  42 harpies
  2 lindwurms (Volcano)
  Pikel (D:9)
  4 mana vipers
  A wolf spider (Lair:5)
  3 fauns (Shoals:1)
  A necromancer (D:15)
  8 orc sorcerers
  16 manticores
  4 cyclopes
  A moth of wrath (Snake:3)
  7 ugly things
  6 elephants (Lair:5)
  4 merfolk sirens
  35 salamanders
  32 black mambas
  2 centaur zombies (D:15)
  29 naga magi
  4 guardian serpents
  5 water nymphs
  Joseph (D:7)
  2 molten gargoyles (Volcano)
  A gargoyle (D:12)
  13 cane toads
  8 rime drakes
  3 efreet (Volcano)
  A yaktaur (shapeshifter) (Gauntlet)
  2 kobold demonologists
  7 komodo dragons
  A tengu conjurer (D:14)
  A guardian mummy (D:10)
  An ice devil (D:15)
  20 merfolk
  A wind drake (shapeshifter) (Gauntlet)
  10 trolls
  8 snapping turtles
  9 wind drakes
  10 blink frogs
  8 dream sheep
  14 slime creatures
  6 shadows
  6 water elementals
  11 wyverns
  A vampire (D:14)
  62 yaks
  3 fire bats (Gauntlet)
  5 wraiths
  Eustachio (D:6)
  16 humans
  9 basilisks
  3 fire elementals (Volcano)
  9 vampire mosquitoes
  4 wargs
  2 acid dragons
  71 nagas
  3 hell hounds
  19 water moccasins
  3 ice beasts
  34 orc warriors
  2 sky beasts
  3 black bears
  13 centaurs
  9 wolves
  9 ogres
  3 phantoms
  A lemure (D:9)
  3 kobold brigands
  13 bullfrogs
  2 necrophages
  An earth elemental (Volcano)
  A gnoll sergeant (D:10)
  3 scorpions
  3 wights (D:8)
  10 killer bees
  An electric eel (Snake:4)
  5 howler monkeys
  3 lava snakes (Snake:1)
  4 crimson imps (D:15)
  8 hounds
  5 jellies
  19 orc priests
  Crazy Yiuf (D:2)
  A gnoll bouda (D:6)
  Ijyb (D:4)
  Terence (D:2)
  26 orc wizards
  3 iguanas
  8 hell rats
  A boggart skeleton (D:15)
  Robin (D:3)
  14 gnolls
  5 adders
  6 white imps
  3 ufetubi
  A dart slug (D:1)
  67 orcs
  5 bats
  8 endoplasms
  A giant cockroach (D:1)
  13 goblins
  12 hobgoblins
  8 jackals
  11 kobolds
  4 quokkas
  4 ball pythons
  A ball python zombie (D:3)
  3 frilled lizards
  A giant cockroach zombie (D:3)
  5 rats
  A fire vortex (Volcano)
  2 tentacles (Shoals:4)
1124 creatures vanquished.

Vanquished Creatures (others)
  A mana viper (Snake:1)
  A cyclops (Shoals:4)
  A molten gargoyle (Volcano)
  An earth elemental (Volcano)
  2 orc wizards
  3 ball lightnings (Shoals:3)
  3 fire vortices (Volcano)
  61 fungi
  164 plants
  14 tentacles (Shoals:4)
251 creatures vanquished.

Grand Total: 1375 creatures vanquished

Notes
Turn   | Place    | Note
-------+----------+-------------------------------------------
     0 | D:1      | Leeroy the Vine Stalker Warper began the quest for the Orb.
     0 | D:1      | Reached XP level 1. HP: 11/11 MP: 4/4
    73 | D:1      | Reached skill level 2 in Long Blades
   173 | D:1      | Reached XP level 2. HP: 13/15 MP: 6/6
   484 | D:1      | Reached skill level 3 in Long Blades
   495 | D:1      | Found Qiotid's Distillery.
   582 | D:1      | Reached XP level 3. HP: 15/18 MP: 7/7
   922 | D:2      | Noticed Terence
   998 | D:3      | Found a radiant altar of Vehumet.
  1027 | D:3      | Found a blossoming altar of Fedhas.
  1358 | D:3      | Found a basalt altar of Yredelemnul.
  1489 | D:3      | Noticed a black bear
  1496 | D:3      | Killed a black bear
  1497 | D:3      | Reached skill level 4 in Long Blades
  1497 | D:3      | Gained mutation: Your natural rate of healing is unusually
                  | fast. [Vine Stalker growth]
  1497 | D:3      | Reached XP level 4. HP: 12/23 MP: 4/8
  1497 | D:3      | Reached XP level 5. HP: 14/26 MP: 4/9
  1894 | D:3      | Noticed Robin
  1901 | D:3      | Killed Robin
  1902 | D:3      | Reached skill level 5 in Long Blades
  2115 | D:2      | Killed Terence
  2196 | D:2      | Learned a level 2 spell: Blink
  2200 | D:2      | Learned a level 3 spell: Vhi's Electric Charge
  2337 | D:2      | Found a faded altar of an unknown god.
  2465 | D:2      | Found a snail-covered altar of Cheibriados.
  2688 | D:2      | Found a runed translucent door.
  2689 | D:2      | Noticed Crazy Yiuf
  2718 | D:2      | HP: 1/25 [Crazy Yiuf/+3 quarterstaff of chaos (11)]
  2736 | D:2      | Killed Crazy Yiuf
  2737 | D:2      | Reached XP level 6. HP: 24/32 MP: 0/10
  2929 | D:4      | Found a white marble altar of Elyvilon.
  3035 | D:4      | Found Naddix's Antique Armour Boutique.
  3209 | D:4      | Noticed Ijyb
  3215 | D:4      | Reached XP level 7. HP: 26/36 MP: 6/11
  3218 | D:4      | Reached skill level 5 in Stealth
  3237 | D:4      | Killed Ijyb
  3262 | D:4      | Found a shimmering blue altar of Sif Muna.
  3776 | D:4      | Got Sif Muna's Exposition on Hail
  3818 | D:5      | Entered Level 5 of the Dungeon
  3822 | D:5      | Found a staircase to the Ecumenical Temple.
  3827 | D:5      | Identified the amulet of Doxyvuc {RegenMP Fragile Will++
                  | Str+5}
  3840 | Temple   | Entered the Ecumenical Temple
  4173 | D:5      | Gained mutation: You have razor-sharp teeth. [Vine Stalker
                  | growth]
  4173 | D:5      | Reached XP level 8. HP: 40/40 MP: 12/12
  4222 | D:5      | Found a hide-covered altar of Uskayaw.
  4234 | D:5      | Became a worshipper of Uskayaw the Reveller
  4238 | D:5      | Reached * piety under Uskayaw
  4252 | D:5      | Reached ** piety under Uskayaw
  4259 | D:5      | Reached *** piety under Uskayaw
  4263 | D:5      | Reached **** piety under Uskayaw
  4280 | D:6      | Reached ***** piety under Uskayaw
  4418 | D:6      | Found a bloodstained altar of Trog.
  4706 | D:7      | Found a broken altar of Ashenzari.
  4736 | D:7      | Found an ornate altar of the Wu Jian Council.
  4860 | D:7      | Reached skill level 6 in Long Blades
  4869 | D:7      | Found the +1 Delatra's gloves {ID++}
  4966 | D:7      | Reached skill level 7 in Long Blades
  5037 | D:7      | Reached XP level 9. HP: 26/45 MP: 8/13
  5043 | D:7      | Reached skill level 8 in Long Blades
  5298 | D:7      | Noticed Joseph
  5413 | D:8      | Reached skill level 9 in Long Blades
  5433 | D:8      | Noticed a two-headed ogre
  5479 | D:7      | Noticed a boulder beetle
  5494 | D:7      | Killed a boulder beetle
  5495 | D:7      | Reached skill level 10 in Long Blades
  5714 | D:7      | Found an ancient bone altar of Kikubaaqudgha.
  5734 | D:7      | Learned a level 4 spell: Manifold Assault
  5770 | D:6      | Noticed Eustachio
  5777 | D:6      | Killed Eustachio
  5778 | D:6      | Reached XP level 10. HP: 50/50 MP: 14/14
  6047 | D:5      | Reached skill level 11 in Long Blades
  7215 | D:7      | Killed Joseph
  7378 | D:8      | Killed a two-headed ogre
  7472 | D:8      | Reached skill level 12 in Long Blades
  7700 | D:8      | Found a shadowy altar of Dithmenos.
  8471 | D:9      | Noticed Pikel
  8485 | D:9      | Killed Pikel
  8486 | D:9      | Reached skill level 13 in Long Blades
  8486 | D:9      | Reached XP level 11. HP: 40/53 MP: 13/15
  8695 | D:9      | Reached ****** piety under Uskayaw
  8896 | D:9      | Found an opulent altar of Gozag.
  9145 | D:9      | Found a hazy altar of Hepliaklqana.
  9224 | D:9      | Found a shimmering altar of Xom.
  9309 | D:10     | Entered Level 10 of the Dungeon
  9472 | D:10     | Reached skill level 14 in Long Blades
 10021 | D:10     | Found a portal to a secret trove of treasure.
 10149 | D:10     | Gained mutation: You occasionally shout uncontrollably at
                  | your foes. [potion of mutation]
 10149 | D:10     | Gained mutation: You are strong-willed. (Will+) [potion of
                  | mutation]
 10189 | D:11     | Noticed Fannar
 10219 | D:11     | Killed Fannar
 10293 | D:11     | Reached skill level 5 in Dodging
 10552 | D:11     | Noticed a two-headed ogre
 10567 | D:11     | Killed a two-headed ogre
 10594 | D:11     | Reached skill level 5 in Spellcasting
 10616 | D:11     | Found a staircase to the Lair.
 10626 | D:11     | Noticed a two-headed ogre
 10640 | D:11     | Killed a two-headed ogre
 10641 | D:11     | Reached XP level 12. HP: 39/58 MP: 20/22
 11115 | D:12     | Noticed a boulder beetle
 11131 | D:12     | Killed a boulder beetle
 11484 | D:12     | Reached skill level 1 in Armour
 11602 | Lair:1   | Entered Level 1 of the Lair of Beasts
 11741 | Lair:1   | Identified a scroll of acquirement
 11741 | Lair:1   | Acquired 805 gold pieces
 11826 | Lair:1   | Reached skill level 5 in Armour
 12283 | Lair:1   | Noticed a six-headed hydra
 12330 | Lair:1   | Learned a level 4 spell: Iskenderun's Mystic Blast
 12555 | Lair:2   | Found a staircase to the Snake Pit.
 12569 | Lair:2   | Reached XP level 13. HP: 55/61 MP: 21/26
 12655 | Lair:2   | Found a dark tunnel.
 12666 | Volcano  | Entered a volcano
 13121 | Volcano  | HP: 1/61 [molten gargoyle/bolt of magma (7)]
 13635 | Lair:3   | Reached skill level 1 in Air Magic
 14198 | Lair:3   | Found a staircase to the Shoals.
 14376 | Lair:4   | Found a gate leading to a gauntlet.
 14378 | Lair:4   | Reached skill level 5 in Air Magic
 14468 | Lair:4   | Learned a level 3 spell: Swiftness
 14472 | Lair:4   | Learned a level 3 spell: Dazzling Flash
 14476 | Lair:4   | Learned a level 3 spell: Confusing Touch
 14601 | Gauntlet | Entered a Gauntlet
 14601 | Gauntlet | Found a transporter.
 14611 | Gauntlet | Found a transporter.
 14626 | Gauntlet | Found a transporter.
 14631 | Gauntlet | Found a transporter.
 14646 | Gauntlet | Found a transporter.
 14661 | Gauntlet | Noticed an entropy weaver
 14665 | Gauntlet | Found a transporter.
 14677 | Gauntlet | Found a transporter.
 14685 | Gauntlet | Noticed a blizzard demon
 14689 | Gauntlet | Found a transporter.
 14701 | Gauntlet | Found a transporter.
 14713 | Gauntlet | Found a transporter.
 14717 | Gauntlet | Noticed a great orb of eyes
 14730 | Gauntlet | Found a transporter.
 14748 | Gauntlet | Found a transporter.
 14750 | Gauntlet | Found a transporter.
 14775 | Gauntlet | Found a transporter.
 14777 | Gauntlet | Found a transporter.
 14797 | Gauntlet | Found a transporter.
 14875 | Gauntlet | Found a transporter.
 14895 | Gauntlet | Found a transporter.
 15299 | Gauntlet | Noticed a minotaur
 15317 | Gauntlet | Killed a minotaur
 15318 | Gauntlet | Reached skill level 5 in Translocations
 15750 | Lair:4   | Reached skill level 5 in Fighting
 15873 | Lair:4   | Reached XP level 14. HP: 27/70 MP: 12/27
 16086 | Lair:5   | Entered Level 5 of the Lair of Beasts
 16086 | Lair:5   | Found a staircase to the Slime Pits.
 16087 | Lair:5   | Found a viscous altar of Jiyva.
 16492 | Lair:5   | Noticed Rupert
 17018 | Lair:5   | Reached skill level 10 in Spellcasting
 17547 | Lair:5   | Killed Rupert
 17758 | Lair:5   | Identified the +5 sling of Hegos {heavy, rElec rF+ rN+++}
 17975 | Shoals:1 | Entered Level 1 of the Shoals
 18204 | Snake:1  | Entered Level 1 of the Snake Pit
 18868 | Snake:1  | Reached XP level 15. HP: 51/77 MP: 26/32
 18988 | Snake:1  | Reached skill level 10 in Stealth
 19764 | Snake:1  | Reached skill level 10 in Fighting
 20187 | Snake:1  | Learned a level 2 spell: Passwall
 20213 | Snake:2  | Noticed Vashnia
 21142 | Snake:2  | HP: 4/80 [naga ritualist/Olgreb's Toxic Radiance (2)]
 21379 | Lair:3   | Reached skill level 10 in Dodging
 22038 | Shoals:2 | Found Horuref's Assorted Antiques.
 22041 | Shoals:2 | Bought an ichor-stained falchion for 288 gold pieces
 22041 | Shoals:2 | Identified the +9 falchion "Embalmer" {pain, Dex+7} (You
                  | bought it in a shop on level 2 of the Shoals)
 22051 | Shoals:1 | Learned a level 3 spell: Vampiric Draining
 22369 | D:12     | Found a transporter.
 22371 | D:12     | Found a transporter.
 22711 | D:12     | Found a staircase to the Orcish Mines.
 22723 | D:12     | Reached skill level 1 in Necromancy
 22936 | D:13     | Noticed Jorgrun
 22959 | D:13     | Noticed Urug
 22959 | D:13     | Found a gate to the Vaults.
 22983 | Orc:1    | Entered Level 1 of the Orcish Mines
 22983 | Orc:1    | Noticed Nergalle
 23035 | D:12     | Killed Nergalle
 23244 | Orc:1    | Found the +15 Maxwell's patent armour {-Cast -Tele rElec
                  | Will+ rCorr}
 23396 | Orc:1    | Noticed an orc warlord
 23445 | Orc:1    | Killed an orc warlord
 23446 | Orc:1    | Reached XP level 16. HP: 74/83 MP: 26/33
 23871 | Orc:1    | Noticed Harold
 23881 | Orc:1    | Killed Harold
 23983 | Orc:2    | Entered Level 2 of the Orcish Mines
 23987 | Orc:2    | Found a radiant altar of Vehumet.
 24138 | Orc:2    | Found a staircase to the Elven Halls.
 24247 | Orc:2    | Reached skill level 15 in Long Blades
 24682 | Orc:2    | Found Pino's General Store.
 24683 | Orc:2    | Found Afibb's Jewellery Boutique.
 24685 | Orc:2    | Found Yfojuskoi's Antique Armour Shop.
 24685 | Orc:2    | Found Unizxedo's Antique Weapon Shop.
 24691 | Orc:2    | Bought a steaming falchion for 248 gold pieces
 24691 | Orc:2    | Identified the +7 falchion "String" {flame, Str+4 Dex+3}
                  | (You bought it in a shop on level 2 of the Orcish Mines)
 24705 | Orc:2    | Bought the ring "Maleb" {Drain rPois rC++ Dex+7} for 857
                  | gold pieces
 24882 | Orc:2    | Noticed Josephine
 24892 | Orc:2    | Killed Josephine
 25588 | D:13     | Killed Urug
 25856 | D:13     | Killed Jorgrun
 26445 | D:14     | Reached skill level 10 in Translocations
 27644 | D:15     | Entered Level 15 of the Dungeon
 27793 | D:15     | Reached XP level 17. HP: 84/89 MP: 16/34
 27899 | D:15     | Noticed Nessos
 27904 | D:15     | Killed Nessos
 28776 | D:15     | Found a staircase to the Depths.
 28995 | Depths:1 | Entered Level 1 of the Depths
 28995 | Depths:1 | Noticed a sphinx
 29007 | Depths:1 | Killed a sphinx
 31703 | Snake:2  | Killed Vashnia
 32494 | Snake:3  | Found a transporter.
 32497 | Snake:3  | Noticed Gygal Fez's ghost (adept MiFi)
 32775 | Snake:3  | Found a transporter.
 32949 | Snake:3  | Reached XP level 18. HP: 82/93 MP: 24/35
 33393 | Snake:3  | Killed Gygal Fez's ghost
 33395 | Snake:3  | Identified the +1 pair of gloves of the Garden {Dex+4
                  | Stlth-}
 33480 | Snake:4  | Entered Level 4 of the Snake Pit
 34433 | Snake:4  | Noticed Aizul
 34550 | Snake:4  | Killed Aizul
 35514 | Snake:4  | Got a serpentine rune of Zot
 35556 | Snake:4  | Reached skill level 1 in Invocations
 35693 | Snake:4  | Learned a level 3 spell: Ozocubu's Armour
 35948 | Shoals:1 | Identified the +8 spear of the Histrionic God {vamp, +Blink
                  | rN++ Int-5}
 36018 | Shoals:1 | Reached skill level 1 in Ice Magic
 36580 | Shoals:2 | Bought a scroll of blinking for 270 gold pieces
 36580 | Shoals:2 | Bought a potion of haste for 360 gold pieces
 36580 | Shoals:2 | Bought a scroll of teleportation for 108 gold pieces
 36580 | Shoals:2 | Bought a scroll of butterflies for 144 gold pieces
 36703 | Shoals:2 | Reached XP level 19. HP: 102/102 MP: 36/36
 37457 | Shoals:3 | Found a runed translucent door.
 37494 | Shoals:3 | Found Cilusty's Jewellery Boutique.
 37501 | Shoals:3 | Noticed Twiddyhohoho's ghost (adept TeAE)
 37910 | Shoals:3 | Found Ziqemoke's Antique Armour Emporium.
 37956 | Shoals:3 | Found Weschai's General Store.
 38027 | Shoals:3 | Killed Twiddyhohoho's ghost
 38431 | Shoals:4 | Entered Level 4 of the Shoals
 38431 | Shoals:4 | Noticed Polyphemus
 38441 | Shoals:4 | Killed Polyphemus
 38742 | Shoals:4 | Got a barnacled rune of Zot
 38940 | Shoals:4 | Noticed Ilsuiw
 38963 | Shoals:4 | Killed Ilsuiw
 38964 | Shoals:4 | Reached skill level 16 in Long Blades
 39127 | Shoals:4 | Found Beniarin's Antique Weapon Emporium.
 39224 | Shoals:4 | HP: 2/102 [merfolk impaler/+4 trident of venom (9)]
 39225 | Shoals:4 | Slain by a merfolk impaler

Illustrated notes

Levels and vault maps discovered:
D:1:      psy_arrival_basics, layout_basic, serial_shops, shop_statue
D:2:      layout_loops_ring, shapermc_ecumenical_altar_mp_ritualfount,
          basic_altar, uniq_terence, uniq_crazy_yiuf_cottage
D:3:      layout_loops_corners, fedhas_altar_1, nicolae_vehumet_altar_sigil,
          lemuel_zombie_altar_yredelemnul, minmay_puff, uniq_robin
D:4:      layout_layer_cave, led_sif_book, lemuel_tele_altar, serial_shops,
          shop, chequers_serial_rivers_large_a, cheibrodos_gnoll_hut, uniq_ijyb
D:5:      layout_loops_corners, old_standard_altar, minmay_temple_entry_grid,
          kb_lookout_dungeons_type
D:6:      layout_basic, trog_hazing_becter, uniq_eustachio
D:7:      hangedman_cross_stitches, layout_loops_corners,
          nicolae_kikubaaqudgha_miasma_corner,
          mainiacjoe_overflow_large_starburst, uniq_joseph
D:8:      layout_basic, overflow_temple_1_default, supply_closet_lemuel,
          small_statue_intersection
D:9:      layout_rooms, mainiacjoe_overflow_alcove_2,
          mainiacjoe_overflow_surrounded_room, grunt_gozag_breadcrumbs,
          interstate_on_off, hangedman_decor_diamond_cutter,
          kennysheep_big_empty_room, st_stairs_14, grunt_decor_junction,
          dreamdust_mushroom_princess, uniq_pikel
D:10:     layout_loops_ring, nicolae_trove_entry_path_of_doom
D:11:     layout_roguey, due_lair_maze_entry_diamond, amcnicky_mini_pool_small,
          uniq_fannar
D:12:     gammafunk_boulding_lane, layout_loops_ring,
          minmay_orc_entry_temple_small
D:13:     layout_stronghold, david_vaults_3, feat_on_display, uniq_jorgrun
D:14:     layout_gridville, special_room [special_room_mythical_zoo],
          reono_crystal_passage
D:15:     grunt_enter_depths_magical_seal, layout_grid_maze, serial_park_square1
          [serial_park_minivault_5x5_1], nicolae_kite_square_tiling_tiny,
          minmay_fire_ice_demons, uniq_nessos
Temple:   nicolae_temple_two_arcs
Lair:1:   cheibrodos_lair_river_kwai, layout_hall_layers, uniq_urug
Lair:2:   layout_long_grid, dummy_snake_entry, lightli_volcano_entry_magma_tube,
          infiniplex_staircase_pool
Lair:3:   layout_loops_ring, minmay_shoals_entry_beasts, serial_forest,
          infiniplex_forest_straight_4, infiniplex_forest_zigzag_2,
          infiniplex_forest_straight_2, infiniplex_forest_lined_2,
          infiniplex_forest_lined_3, infiniplex_forest_lined_2,
          infiniplex_forest_lined_2
Lair:4:   wander_river, layout_gridlike, gauntlet_entry_generic,
          grunt_megastairs_5
Lair:5:   evilmike_catoblepas_cave, layout_regular_city,
          nicolae_slime_entry_field_trip, kennysheep_basilisk_garden,
          uniq_rupert
Shoals:1: layout_shoals
Shoals:2: layout_shoals, serial_shops, nicolae_stop_n_shop_1
Shoals:3: layout_shoals, ebering_ghost_inner_flame, serial_shops,
          nicolae_shop_overgrown_old_shop, nicolae_shop_hallway_plus,
          nicolae_take_the_stairs
Shoals:4: shoals_end_hangedman, layout_shoals, shoal_ilsuiw, serial_shops, shop,
          uniq_polyphemus, uniq_roxanne
Snake:1:  layout_layer_cave, nicolae_snake_salamander_zone
Snake:2:  layout_cave_town, uniq_vashnia
Snake:3:  layout_cave_town, gammafunk_ghost_berserking_beasts
Snake:4:  minmay_snake_end_coiled, layout_cave_pods, serial_bayou_shore_b,
          serial_bayou_shore_a, uniq_aizul
Orc:1:    nicolae_orc_accident_2, layout_caves, nicolae_orc_stony_grotto,
          lemuel_statue_altar, dreamdust_deal_with_the_devil, uniq_harold,
          uniq_nergalle
Orc:2:    st_orc_congregation, layout_caves, basic_altar, uniq_josephine
Depths:1: layout_cave_shapes, enter_ziggurat_a, pf_hell_entry_great_geh,
          nicolae_dithmenos_through_a_glass_darkly, serial_bayou_pond_c,
          nicolae_figureground_pulse, minmay_shop_star

Skill      XL: |  1  2  3  4  5  6  7  8  9 10 11 12 13 14 15 16 17 18 19 |
---------------+----------------------------------------------------------+-----
Long Blades    | 2 3 4 5 7 10 13 14 15 16 | 16.4
Fighting       | 2 3 4 6 8 10 12 | 12.1
Stealth        | 4 8 9 10 | 10.1
Dodging        | 5 7 9 11 12 14 | 14.1
Spellcasting   | 6 8 12 14 | 14.3
Armour         | 5 |  5.0
Air Magic      | 5 6 |  6.4
Translocations | 5 6 11 14 | 14.0
Necromancy     | 1 |  1.0
Invocations    | 1 |  1.5
Ice Magic      | 3 |  3.3
Throwing       | |  0.8
Evocations     | |  0.2

Action                     |  1- 3 |  4- 6 |  7- 9 | 10-12 | 13-15 | 16-18 | 19-21 || total
---------------------------+-------+-------+-------+-------+-------+-------+-------++-------
  Melee: Falchion          |    92 |   125 |   128 |       |       |    32 |    27 ||   404
         Bite              |    20 |    40 |   104 |   235 |   510 |   269 |    73 ||  1251
         Punch             |       |     2 |     6 |     8 |    23 |     9 |     2 ||    50
         Dagger            |       |       |   204 |   663 |   927 |    32 |     6 ||  1832
         Scimitar          |       |       |       |       |   239 |   903 |    52 ||  1194
         Great sword       |       |       |       |       |       |   367 |   294 ||   661
         Sling             |       |       |       |       |       |     1 |       ||     1
   Fire: Sling             |       |       |       |       |       |     4 |       ||     4
  Throw: Dart              |       |       |     3 |     2 |     5 |     1 |       ||    11
         Throwing net      |       |       |     1 |     3 |     1 |       |       ||     5
   Cast: Blink             |       |     1 |       |     3 |     4 |       |     1 ||     9
         Vhi's Electric Ch |       |       |       |     4 |    51 |    48 |     6 ||   109
         Manifold Assault  |       |       |       |       |    18 |   401 |   118 ||   537
         Ozocubu's Armour  |       |       |       |       |       |     1 |     4 ||     5
  Evoke: Wand              |       |     3 |     1 |     3 |    12 |    22 |     5 ||    46
    Use: Scroll            |       |     1 |     2 |     8 |    27 |    15 |     5 ||    58
         Potion            |       |       |     2 |     7 |     9 |     2 |     6 ||    26
   Stab: Sleeping          |     2 |     2 |    12 |    12 |    14 |     9 |     6 ||    57
         Paralysed         |       |       |     9 |    32 |    56 |    49 |     7 ||   153
         Held in net/web   |       |       |     1 |     2 |       |       |       ||     3
         Distracted        |       |       |       |     1 |       |     1 |       ||     2
         Petrified         |       |       |       |       |     2 |       |       ||     2
 Armour: Leather armour    |    36 |    38 |   129 |    93 |       |       |       ||   296
         Acid dragon scale |       |       |       |    26 |    27 |       |       ||    53
         Troll leather arm |       |       |       |    45 |   296 |   249 |    82 ||   672
         Ring mail         |       |       |       |       |    50 |       |       ||    50
  Dodge: Dodged            |    54 |    71 |   196 |   322 |   737 |   723 |   264 ||  2367

Table legend: (Time is in decaauts)
 A = Elapsed time spent in this place.
 B = Non-inter-level travel time spent in this place.
 C = Inter-level travel time spent in this place.
 D = Time resting spent in this place.
 E = Time spent auto-exploring this place.
 F = Levels seen in this place.
 G = Mean time per level.
                   A        B        C        D        E       F      G
               +--------+--------+--------+--------+--------+-----+--------+
         Total |  38459 |  35475 |   2984 |   7038 |  19195 |  34 | 1131.1 |
       Dungeon |  16319 |  14628 |   1691 |   1942 |   9376 |  15 | 1087.9 |
        Temple |    115 |    101 |     14 |      0 |     88 |   1 |  115.0 |
          Lair |   5650 |   4948 |    702 |    893 |   2611 |   5 | 1130.0 |
        Shoals |   4161 |   4046 |    115 |    462 |   2357 |   4 | 1040.2 |
     Snake Pit |   9109 |   8709 |    400 |   3430 |   3419 |   4 | 2277.2 |
  Orcish Mines |   1732 |   1671 |     61 |     35 |    956 |   2 |  866.0 |
        Depths |     24 |     24 |      0 |      0 |      0 |   1 |   24.0 |
       Volcano |    584 |    584 |      0 |    275 |     46 |   1 |  584.0 |
      Gauntlet |    761 |    761 |      0 |      0 |    341 |   1 |  761.0 |
               +--------+--------+--------+--------+--------+-----+--------+

Top non-repeatable levels by time:
 Snake:1: 3118 daAuts
 Snake:2: 2471 daAuts
 Snake:4: 2173 daAuts
    D:12: 1894 daAuts
     D:9: 1405 daAuts
  Lair:5: 1377 daAuts
 Snake:3: 1347 daAuts
Shoals:2: 1337 daAuts
    D:15: 1337 daAuts
  Lair:4: 1309 daAuts
     D:5: 1298 daAuts
    D:14: 1274 daAuts
     D:3: 1242 daAuts
     D:7: 1173 daAuts
  Lair:2: 1131 daAuts
